AoeStats
← RiD[D]iCK

Arabia

505488094Analyzed
2v2 RM · 23d ago on Sep 9, 2026· 43m 31s· 4 players
Game mode
Random Map
Map size
Medium (4 player)
Population
200
Speed
Normal
Resources
Standard
Victory
Conquest
Starting age
Dark Age
Ending age
Imperial Age
RankedLock teamsTeams togetherTeam positionsShared explorationLock speedFull tech treeHidden civsTurbo modeCheats
Victory
Defeat
🇦🇷 Khmer · Argentina
867
+13
🇨🇳 Persians · China
824
+37
🇷🇺 Huns · Russia
790
-13
🇷🇺 Goths · Russia
788
-13
CuerVoArG!!!
0:49 Loom
1:57 Loom
9:46 Feudal Age
13:11 Forging
14:43 Horse Collar
20:26 Castle Age
19:29 Double-Bit Axe
25:42 Heavy Plow
26:44 Bow Saw
27:41 Iron Casting
30:58 Gold Mining
43:43 Fletching
43:53 Padded Archer Armor
Bondson
0:46 Loom
12:52 Feudal Age
13:21 Double-Bit Axe
18:46 Castle Age
17:08 Scale Barding Armor
17:33 Horse Collar
17:48 Gold Mining
18:11 Forging
18:31 Fletching
19:44 Wheelbarrow
19:37 Bow Saw
20:21 Bloodlines
22:30 Heavy Plow
24:16 Husbandry
28:32 Hand Cart
29:52 Chain Barding Armor
31:46 Iron Casting
31:52 Bodkin Arrow
33:13 Padded Archer Armor
34:20 Elite Skirmisher
40:32 Leather Archer Armor
RiD[D]iCK
10:58 Feudal Age
9:45 Loom
11:21 Horse Collar
11:31 Double-Bit Axe
12:27 Wheelbarrow
18:45 Bloodlines
19:58 Scale Barding Armor
25:45 Castle Age
25:25 Forging
25:15 Scale Mail Armor
26:20 Padded Archer Armor
26:11 Fletching
27:14 Husbandry
29:29 Bodkin Arrow
29:52 Leather Archer Armor
30:15 Thumb Ring
31:14 Heavy Plow
37:06 Gold Mining
TheMasterChief
12:30 Feudal Age
13:34 Double-Bit Axe
28:15 Castle Age
27:06 Man-at-Arms
27:37 Horse Collar
28:49 Pikeman
Connection lost

Rejoining the realm…

Still unreachable

The connection could not be restored.

Session expired

The server has moved on; the page needs a fresh start.